[ AOE2 MATCH · #463544296 ]
Team RMHuns vs Bohemians
[ REPLAY ANALYSIS · EXTRACTED FROM THE RECORDED GAME ]
Feudal
13:02
Castle
19:28
Imperial
37:00
| APM avg | 14.9 |
| APM peak | 74 |
| eAPM avg | 11.7 |
| Villagers / military | 124 / 230 |
Focus
⚔️ 47.2% · 🌾 52.8%
Tarkan ×133 · Militia ×46 · Knight ×24 · Skirmisher ×22 · Trade Cart ×5 · Spearman ×3
Feudal
12:53
Castle
16:45
Imperial
38:01
| APM avg | 23.4 |
| APM peak | 60 |
| eAPM avg | 13.5 |
| Villagers / military | 167 / 283 |
Focus
⚔️ 36.3% · 🌾 63.7%
Mangudai ×249 · Battering Ram ×33 · Trade Cart ×10 · Monk ×1
Feudal
11:55
Castle
17:55
Imperial
34:07
| APM avg | 33.3 |
| APM peak | 82 |
| eAPM avg | 23.2 |
| Villagers / military | 193 / 355 |
Focus
⚔️ 24.2% · 🌾 75.8%
Eagle Scout ×280 · Skirmisher ×58 · Unknown (882) ×26 · Jaguar Warrior ×7 · Trebuchet (Packed) ×7 · Trade Cart ×6
Feudal
11:41
Castle
17:51
Imperial
47:46
| APM avg | 15.6 |
| APM peak | 49 |
| eAPM avg | 10.1 |
| Villagers / military | 132 / 125 |
Focus
⚔️ 33.4% · 🌾 66.6%
Scout Cavalry ×55 · Spearman ×35 · Genoese Crossbowman ×31 · Trade Cart ×10 · Battering Ram ×3 · Knight ×1
Feudal
11:55
Castle
16:35
Imperial
33:30
| APM avg | 33.2 |
| APM peak | 79 |
| eAPM avg | 21.2 |
| Villagers / military | 124 / 272 |
Focus
⚔️ 35.2% · 🌾 64.8%
Militia ×178 · Trade Cart ×31 · Woad Raider ×26 · Scorpion ×24 · Battering Ram ×21 · Trebuchet (Packed) ×11
Feudal
12:42
Castle
18:00
Imperial
35:31
| APM avg | 8.9 |
| APM peak | 25 |
| eAPM avg | 8.0 |
| Villagers / military | 128 / 214 |
Focus
⚔️ 24.0% · 🌾 76.0%
Scout Cavalry ×120 · Bombard Cannon ×62 · Skirmisher ×31 · Trade Cart ×15 · Monk ×1
Match map
Initial resources + every placement click. Lines = walls · curves = elevation contours. ◆ gold · ⬟ stone · ● berries · ✦ relic · ◌ wall gap
Your base· ✓ Closed at 19:28 · 16t walls · no gate
Cartman AK-47's base· ✓ Closed at 16:45 · 8t walls · no gate
Rakoon's base· ✓ Closed at 17:55 · 63t walls · 1 gate(s)
Ocelot's base· ✓ Closed at 17:51 · 20t walls · no gate
praetorian005's base· ✓ Closed at 16:35 · 10t walls · 1 gate(s)
Sloth's base· ✓ Closed at 18:00 · 0t walls · no gate
Smoothed initial terrain · ◌ = detected wall gap · hover for details
Inputs per minute
— lchhean09 - - Cartman AK-47
Build order — lchhean09
First 150 of 517 actions detected
| 0:48 | Create | Villager (Male) |
| 0:48 | Create | Villager (Male) |
| 0:48 | Create | Villager (Male) |
| 1:53 | Build | Palisade Wall |
| 2:05 | Create | Villager (Male) |
| 2:05 | Create | Villager (Male) |
| 2:22 | Research | Loom |
| 2:24 | Create | Villager (Male) |
| 3:13 | Create | Villager (Male) |
| 3:40 | Create | Villager (Male) |
| 3:40 | Create | Villager (Male) |
| 4:27 | Create | Villager (Male) |
| 4:27 | Create | Villager (Male) |
| 4:27 | Create | Villager (Male) |
| 4:44 | Create | Villager (Male) |
| 5:26 | Create | Villager (Male) |
| 6:08 | Create | Villager (Male) |
| 6:09 | Create | Villager (Male) |
| 6:09 | Create | Villager (Male) |
| 6:55 | Create | Villager (Male) |
| 6:55 | Create | Villager (Male) |
| 6:55 | Create | Villager (Male) |
| 7:35 | Create | Villager (Male) |
| 7:35 | Create | Villager (Male) |
| 7:54 | Build | Lumber Camp |
| 8:20 | Create | Villager (Male) |
| 8:20 | Create | Villager (Male) |
| 8:58 | Create | Villager (Male) |
| 9:37 | Create | Villager (Male) |
| 9:37 | Create | Villager (Male) |
| 9:51 | Build | Mill |
| 10:11 | Create | Villager (Male) |
| 10:36 | Research | Feudal Age |
| 11:02 | Build | Mining Camp |
| 12:15 | Build | Mill |
| 12:27 | Create | Villager (Male) |
| 12:27 | Create | Villager (Male) |
| 12:27 | Create | Villager (Male) |
| 12:28 | Create | Villager (Male) |
| 13:02 | Age | Feudal Age |
| 13:07 | Research | Double-Bit Axe |
| 13:13 | Research | Horse Collar |
| 14:08 | Create | Villager (Male) |
| 14:08 | Create | Villager (Male) |
| 14:08 | Create | Villager (Male) |
| 14:11 | Create | Villager (Male) |
| 14:11 | Create | Villager (Male) |
| 14:41 | Build | Market |
| 14:47 | Create | Villager (Male) |
| 14:47 | Create | Villager (Male) |
| 14:47 | Create | Villager (Male) |
| 14:57 | Build | Farm |
| 15:00 | Build | Farm |
| 15:16 | Build | Farm |
| 15:51 | Build | Blacksmith |
| 15:57 | Create | Villager (Male) |
| 15:57 | Create | Villager (Male) |
| 16:15 | Build | Farm |
| 16:16 | Build | Farm |
| 16:39 | Build | Mining Camp |
| 16:48 | Research | Castle Age |
| 16:56 | Build | Farm |
| 17:04 | Build | Farm |
| 17:23 | Build | Farm |
| 17:29 | Build | Farm |
| 17:45 | Build | Farm |
| 17:57 | Build | Farm |
| 18:10 | Build | Farm |
| 18:23 | Build | Farm |
| 18:34 | Research | Gold Mining |
| 19:14 | Create | Villager (Male) |
| 19:14 | Create | Villager (Male) |
| 19:14 | Create | Villager (Male) |
| 19:14 | Create | Villager (Male) |
| 19:15 | Create | Villager (Male) |
| 19:28 | Age | Castle Age |
| 19:40 | Build | Town Center |
| 20:03 | Build | Town Center |
| 20:12 | Build | Stone Wall |
| 20:17 | Research | Town Watch |
| 20:18 | Research | Wheelbarrow |
| 20:23 | Research | Stone Mining |
| 20:58 | Research | Heavy Plow |
| 21:12 | Create | Villager (Male) |
| 21:30 | Build | Farm |
| 21:40 | Create | Villager (Male) |
| 21:40 | Create | Villager (Male) |
| 21:40 | Create | Villager (Male) |
| 21:40 | Create | Villager (Male) |
| 21:45 | Build | Farm |
| 21:55 | Build | Farm |
| 21:57 | Create | Villager (Male) |
| 21:58 | Create | Villager (Male) |
| 21:58 | Create | Villager (Male) |
| 21:58 | Create | Villager (Male) |
| 21:58 | Create | Villager (Male) |
| 22:16 | Build | Farm |
| 22:24 | Build | Farm |
| 22:33 | Build | Farm |
| 22:36 | Create | Villager (Male) |
| 22:36 | Create | Villager (Male) |
| 22:36 | Create | Villager (Male) |
| 22:36 | Create | Villager (Male) |
| 22:56 | Build | Mining Camp |
| 23:02 | Create | Villager (Male) |
| 23:02 | Create | Villager (Male) |
| 23:02 | Create | Villager (Male) |
| 23:02 | Create | Villager (Male) |
| 23:28 | Research | Bow Saw |
| 23:35 | Create | Villager (Male) |
| 23:45 | Build | Farm |
| 23:48 | Build | Farm |
| 23:55 | Research | Gold Shaft Mining |
| 24:12 | Build | Monastery |
| 24:16 | Create | Villager (Male) |
| 24:16 | Create | Villager (Male) |
| 24:16 | Create | Villager (Male) |
| 24:43 | Create | Villager (Male) |
| 24:43 | Create | Villager (Male) |
| 24:43 | Create | Villager (Male) |
| 24:43 | Create | Villager (Male) |
| 24:44 | Create | Villager (Male) |
| 24:54 | Build | Town Center |
| 25:03 | Create | Villager (Male) |
| 25:03 | Create | Villager (Male) |
| 25:03 | Create | Villager (Male) |
| 25:15 | Build | Barracks |
| 25:20 | Create | Monk |
| 25:21 | Create | Monk |
| 25:24 | Create | Villager (Male) |
| 25:24 | Create | Villager (Male) |
| 25:24 | Create | Villager (Male) |
| 25:25 | Create | Villager (Male) |
| 25:25 | Create | Villager (Male) |
| 25:41 | Create | Villager (Male) |
| 25:41 | Create | Villager (Male) |
| 25:57 | Build | Lumber Camp |
| 26:05 | Build | Farm |
| 26:07 | Build | Farm |
| 26:10 | Build | Farm |
| 26:12 | Build | Farm |
| 26:14 | Build | Farm |
| 26:16 | Build | Farm |
| 26:19 | Build | Farm |
| 26:29 | Build | Farm |
| 26:31 | Create | Villager (Male) |
| 26:31 | Create | Villager (Male) |
| 26:31 | Create | Villager (Male) |
| 26:32 | Create | Villager (Male) |
| 26:57 | Research | Scale Barding Armor |
Build order — Cartman AK-47
First 150 of 339 actions detected
| 0:04 | Build | House |
| 0:06 | Build | House |
| 0:20 | Create | Villager (Male) ×4 |
| 0:56 | Build | Palisade Wall |
| 2:16 | Create | Villager (Male) |
| 2:39 | Create | Villager (Male) |
| 3:11 | Create | Villager (Male) |
| 3:29 | Create | Villager (Male) |
| 3:45 | Build | House |
| 4:03 | Create | Villager (Male) |
| 4:22 | Create | Villager (Male) |
| 4:40 | Create | Villager (Male) |
| 4:54 | Create | Villager (Male) |
| 5:11 | Create | Villager (Male) |
| 5:31 | Create | Villager (Male) ×3 |
| 6:02 | Create | Villager (Male) |
| 6:15 | Build | House |
| 6:19 | Create | Villager (Male) |
| 6:19 | Create | Villager (Male) |
| 6:46 | Create | Villager (Male) ×3 |
| 6:51 | Build | Mill |
| 7:55 | Create | Villager (Male) |
| 7:55 | Create | Villager (Male) |
| 7:57 | Build | House |
| 8:21 | Create | Villager (Male) |
| 9:17 | Build | Lumber Camp |
| 9:48 | Research | Feudal Age |
| 10:09 | Build | Mining Camp |
| 10:30 | Build | Lumber Camp |
| 10:50 | Build | Farm |
| 11:19 | Build | Mill |
| 12:53 | Age | Feudal Age |
| 13:01 | Build | Market |
| 13:04 | Build | Blacksmith |
| 14:05 | Research | Castle Age |
| 14:10 | Build | Mining Camp |
| 14:39 | Build | Farm |
| 14:39 | Build | Farm |
| 14:39 | Build | Farm |
| 14:39 | Build | Farm |
| 14:42 | Build | Farm |
| 14:53 | Build | House |
| 14:56 | Build | House |
| 15:02 | Build | House |
| 15:27 | Create | Villager (Male) ×5 |
| 16:17 | Research | Wheelbarrow |
| 16:27 | Create | Villager (Male) ×5 |
| 16:45 | Age | Castle Age |
| 16:45 | Build | Farm |
| 16:45 | Build | Farm |
| 17:13 | Research | Double-Bit Axe |
| 17:13 | Research | Horse Collar |
| 17:45 | Build | Castle |
| 17:57 | Build | Farm |
| 17:57 | Build | Farm |
| 18:00 | Build | Farm |
| 18:03 | Create | Villager (Male) |
| 19:17 | Build | Town Center |
| 19:36 | Create | Mangudai |
| 19:56 | Create | Mangudai |
| 20:22 | Build | Farm |
| 20:28 | Create | Villager (Male) ×5 |
| 20:28 | Create | Villager (Male) ×5 |
| 20:29 | Create | Villager (Male) ×3 |
| 20:35 | Create | Mangudai |
| 21:29 | Create | Mangudai |
| 21:29 | Create | Mangudai |
| 21:53 | Build | Farm |
| 21:53 | Build | Farm |
| 22:25 | Create | Mangudai ×4 |
| 22:41 | Create | Villager (Male) ×5 |
| 22:41 | Create | Villager (Male) ×5 |
| 22:55 | Research | Fletching |
| 22:55 | Research | Padded Archer Armor |
| 23:20 | Create | Mangudai |
| 23:20 | Create | Mangudai |
| 23:40 | Research | Gold Mining |
| 23:57 | Build | Town Center |
| 24:05 | Create | Villager (Male) ×4 |
| 24:59 | Research | Gold Shaft Mining |
| 25:00 | Research | Bow Saw |
| 25:17 | Create | Mangudai |
| 25:17 | Create | Mangudai |
| 25:17 | Create | Mangudai |
| 25:20 | Build | Farm |
| 25:20 | Build | Farm |
| 25:49 | Create | Villager (Male) ×3 |
| 25:49 | Create | Villager (Male) ×3 |
| 26:35 | Research | Bodkin Arrow |
| 26:37 | Research | Padded Archer Armor |
| 27:09 | Build | Castle |
| 27:13 | Create | Mangudai |
| 27:46 | Build | Mining Camp |
| 27:49 | Create | Villager (Male) ×5 |
| 27:49 | Create | Villager (Male) ×3 |
| 27:55 | Build | Farm |
| 27:55 | Build | Farm |
| 27:56 | Build | Farm |
| 27:56 | Build | Farm |
| 27:56 | Build | Farm |
| 27:58 | Build | Farm |
| 27:58 | Build | Farm |
| 27:58 | Build | Farm |
| 27:59 | Build | Farm |
| 27:59 | Build | Farm |
| 27:59 | Build | Farm |
| 28:02 | Build | Farm |
| 28:02 | Build | Farm |
| 28:03 | Build | Farm |
| 28:12 | Build | Farm |
| 28:12 | Build | Farm |
| 28:12 | Build | Farm |
| 28:13 | Build | Farm |
| 28:13 | Build | Farm |
| 28:17 | Research | Heavy Plow |
| 28:50 | Create | Villager (Male) ×4 |
| 28:51 | Create | Villager (Male) ×4 |
| 29:12 | Create | Villager (Male) ×2 |
| 29:17 | Create | Villager (Male) ×3 |
| 29:18 | Create | Villager (Male) ×3 |
| 29:25 | Build | Farm |
| 29:25 | Build | Farm |
| 29:25 | Build | Farm |
| 29:25 | Build | Farm |
| 29:25 | Build | Farm |
| 29:41 | Build | Mining Camp |
| 29:50 | Research | Stone Mining |
| 29:53 | Create | Villager (Male) ×4 |
| 30:18 | Build | Farm |
| 30:18 | Build | Farm |
| 30:23 | Build | House |
| 30:24 | Build | House |
| 30:27 | Build | House |
| 30:29 | Build | House |
| 30:29 | Build | House |
| 30:36 | Build | Gate |
| 30:40 | Build | Stone Wall |
| 30:40 | Build | Stone Wall |
| 30:46 | Research | Hand Cart |
| 30:47 | Create | Villager (Male) ×5 |
| 31:08 | Build | Town Center |
| 31:18 | Build | Farm |
| 31:19 | Build | Farm |
| 31:22 | Build | Farm |
| 31:22 | Build | Farm |
| 31:22 | Build | Farm |
| 31:31 | Create | Villager (Male) ×5 |
| 31:47 | Build | Monastery |
| 31:50 | Research | Leather Archer Armor |
| 32:03 | Create | Villager (Male) ×5 |
Build order — Rakoon
First 150 of 641 actions detected
| 0:05 | Build | House |
| 0:07 | Build | House |
| 0:07 | Create | Villager (Male) |
| 0:08 | Create | Villager (Male) |
| 0:08 | Create | Villager (Male) |
| 0:10 | Create | Villager (Male) |
| 1:18 | Create | Villager (Male) |
| 2:06 | Create | Villager (Male) |
| 2:20 | Build | Lumber Camp |
| 2:27 | Create | Villager (Male) |
| 2:40 | Build | Palisade Wall |
| 3:04 | Create | Villager (Male) |
| 3:04 | Create | Villager (Male) |
| 4:03 | Research | Loom |
| 4:17 | Create | Villager (Male) |
| 4:31 | Create | Villager (Male) |
| 4:44 | Create | Villager (Male) |
| 5:05 | Build | House |
| 5:08 | Create | Villager (Male) |
| 5:17 | Create | Villager (Male) |
| 5:24 | Build | House |
| 5:26 | Build | Palisade Wall |
| 5:53 | Create | Villager (Male) |
| 5:55 | Build | House |
| 5:56 | Build | Palisade Wall |
| 6:20 | Create | Villager (Male) |
| 6:32 | Create | Villager (Male) |
| 6:42 | Build | House |
| 6:44 | Build | Palisade Wall |
| 6:45 | Build | Palisade Wall |
| 6:46 | Create | Villager (Male) |
| 6:47 | Create | Villager (Male) |
| 7:28 | Create | Villager (Male) |
| 7:41 | Build | House |
| 8:01 | Build | House |
| 8:37 | Build | Palisade Wall |
| 8:51 | Build | Mining Camp |
| 9:12 | Build | Outpost |
| 9:15 | Create | Villager (Male) |
| 9:31 | Build | Mill |
| 9:36 | Build | House |
| 9:37 | Build | House |
| 9:39 | Create | Villager (Male) |
| 9:39 | Create | Villager (Male) |
| 9:45 | Research | Feudal Age |
| 10:42 | Create | Villager (Male) |
| 10:49 | Create | Villager (Male) |
| 11:06 | Create | Villager (Male) |
| 11:19 | Build | Palisade Wall |
| 11:21 | Build | Palisade Wall |
| 11:23 | Build | Palisade Wall |
| 11:25 | Build | Palisade Wall |
| 11:55 | Age | Feudal Age |
| 12:03 | Build | Market |
| 12:08 | Build | Blacksmith |
| 12:13 | Research | Double-Bit Axe |
| 12:19 | Build | Farm |
| 12:22 | Build | Farm |
| 12:25 | Build | Farm |
| 12:28 | Build | Farm |
| 12:31 | Create | Villager (Male) |
| 13:01 | Build | Gate |
| 13:05 | Build | Stone Wall |
| 13:10 | Create | Villager (Male) |
| 13:18 | Build | Farm |
| 13:19 | Build | Farm |
| 13:39 | Build | Farm |
| 13:42 | Create | Villager (Male) |
| 14:04 | Build | Palisade Wall |
| 14:05 | Build | Palisade Wall |
| 14:07 | Build | Palisade Wall |
| 14:20 | Build | Farm |
| 14:24 | Create | Villager (Male) |
| 14:27 | Build | Farm |
| 14:30 | Build | Farm |
| 14:53 | Build | Farm |
| 15:15 | Research | Castle Age |
| 15:40 | Build | Mining Camp |
| 16:01 | Research | Stone Mining |
| 16:03 | Research | Gold Mining |
| 16:16 | Build | Outpost |
| 16:25 | Build | Outpost |
| 16:36 | Build | Palisade Wall |
| 16:52 | Build | Barracks |
| 17:01 | Build | Stone Wall |
| 17:03 | Build | Stone Wall |
| 17:06 | Build | Stone Wall |
| 17:16 | Create | Villager (Male) |
| 17:23 | Build | House |
| 17:23 | Build | House |
| 17:25 | Build | House |
| 17:36 | Build | House |
| 17:38 | Build | House |
| 17:40 | Create | Villager (Male) |
| 17:45 | Research | Town Watch |
| 17:55 | Age | Castle Age |
| 18:02 | Build | Town Center |
| 18:05 | Build | House |
| 18:22 | Build | Outpost |
| 18:23 | Create | Villager (Male) |
| 18:24 | Create | Villager (Male) |
| 18:40 | Create | Villager (Male) |
| 19:01 | Build | Town Center |
| 19:02 | Create | Villager (Male) |
| 19:14 | Create | Villager (Male) |
| 19:22 | Create | Villager (Male) |
| 19:23 | Create | Villager (Male) |
| 19:29 | Build | House |
| 19:30 | Build | House |
| 19:39 | Build | Outpost |
| 19:40 | Create | Villager (Male) |
| 20:04 | Research | Bow Saw |
| 20:11 | Create | Villager (Male) |
| 20:11 | Create | Villager (Male) |
| 20:12 | Create | Villager (Male) |
| 20:21 | Create | Villager (Male) |
| 20:21 | Create | Villager (Male) |
| 20:29 | Build | House |
| 20:31 | Build | House |
| 20:32 | Build | House |
| 20:37 | Build | Farm |
| 20:45 | Create | Villager (Male) |
| 20:55 | Build | Farm |
| 21:08 | Create | Villager (Male) |
| 21:12 | Build | Farm |
| 21:16 | Build | Farm |
| 21:31 | Build | Farm |
| 21:31 | Build | Farm |
| 21:32 | Build | Farm |
| 21:43 | Create | Villager (Male) |
| 21:51 | Build | Stone Wall |
| 21:53 | Build | Stone Wall |
| 21:54 | Build | Stone Wall |
| 21:56 | Create | Villager (Male) |
| 21:56 | Create | Villager (Male) |
| 22:10 | Create | Villager (Male) |
| 22:13 | Build | Farm |
| 22:16 | Create | Eagle Scout ×2 |
| 22:21 | Build | House |
| 22:25 | Build | House |
| 22:26 | Build | House |
| 22:37 | Create | Villager (Male) |
| 22:37 | Create | Villager (Male) |
| 22:50 | Build | Farm |
| 22:55 | Create | Villager (Male) |
| 22:55 | Create | Villager (Male) |
| 23:02 | Create | Villager (Male) |
| 23:05 | Build | Farm |
| 23:15 | Build | Farm |
| 23:15 | Build | Farm |
Build order — Ocelot
First 150 of 276 actions detected
| 0:00 | Create | Villager (Male) |
| 0:01 | Create | Villager (Male) |
| 0:01 | Create | Villager (Male) |
| 0:01 | Create | Villager (Male) |
| 0:02 | Create | Villager (Male) |
| 0:03 | Build | House |
| 0:05 | Build | House |
| 1:36 | Create | Villager (Male) |
| 1:36 | Create | Villager (Male) |
| 2:10 | Create | Villager (Male) |
| 2:45 | Create | Villager (Male) |
| 3:09 | Create | Villager (Male) |
| 3:10 | Create | Villager (Male) |
| 3:20 | Build | House |
| 3:21 | Build | House |
| 3:45 | Create | Villager (Male) |
| 4:39 | Create | Villager (Male) |
| 5:03 | Create | Villager (Male) |
| 5:04 | Create | Villager (Male) |
| 5:20 | Build | Lumber Camp |
| 6:39 | Create | Villager (Male) ×4 |
| 6:40 | Create | Villager (Male) ×4 |
| 7:47 | Build | Mill |
| 8:04 | Create | Villager (Male) |
| 8:04 | Create | Villager (Male) |
| 8:43 | Build | Farm |
| 8:44 | Build | Farm |
| 8:44 | Build | Farm |
| 8:51 | Build | Farm |
| 9:00 | Build | Farm |
| 9:12 | Build | House |
| 9:21 | Build | House |
| 9:22 | Build | House |
| 9:31 | Research | Feudal Age |
| 10:28 | Build | Mining Camp |
| 11:41 | Age | Feudal Age |
| 11:50 | Build | Market |
| 11:59 | Build | Blacksmith |
| 12:03 | Create | Villager (Male) |
| 12:04 | Create | Villager (Male) |
| 12:04 | Create | Villager (Male) |
| 12:52 | Build | Mill |
| 13:09 | Create | Villager (Male) |
| 13:32 | Build | Stone Wall |
| 13:39 | Build | Stone Wall |
| 13:46 | Create | Villager (Male) |
| 13:46 | Create | Villager (Male) |
| 14:04 | Build | Farm |
| 14:23 | Build | Farm |
| 14:25 | Create | Villager (Male) |
| 14:49 | Build | Farm |
| 15:04 | Build | Stone Wall |
| 15:11 | Research | Castle Age |
| 15:27 | Build | Mining Camp |
| 15:33 | Create | Villager (Male) |
| 15:33 | Create | Villager (Male) |
| 15:51 | Build | Stone Wall |
| 16:03 | Research | Double-Bit Axe |
| 16:12 | Research | Stone Mining |
| 17:19 | Build | Lumber Camp |
| 17:23 | Create | Villager (Male) |
| 17:45 | Research | Gold Mining |
| 17:49 | Create | Villager (Male) |
| 17:49 | Create | Villager (Male) |
| 17:51 | Age | Castle Age |
| 18:08 | Research | Caravan |
| 18:29 | Build | Farm |
| 19:30 | Build | Stone Wall |
| 19:33 | Build | Stone Wall |
| 19:35 | Build | Stone Wall |
| 19:38 | Build | Stone Wall |
| 20:02 | Create | Villager (Male) |
| 20:03 | Create | Villager (Male) |
| 20:13 | Build | Town Center |
| 20:46 | Create | Villager (Male) |
| 21:06 | Create | Villager (Male) |
| 21:54 | Create | Villager (Male) ×5 |
| 22:34 | Build | Barracks |
| 23:24 | Build | Barracks |
| 23:45 | Build | Castle |
| 24:20 | Research | Wheelbarrow |
| 24:21 | Create | Villager (Male) ×5 |
| 24:21 | Create | Villager (Male) ×3 |
| 24:30 | Create | Genoese Crossbowman |
| 24:31 | Create | Genoese Crossbowman |
| 24:31 | Create | Genoese Crossbowman |
| 24:31 | Create | Genoese Crossbowman ×5 |
| 24:31 | Create | Genoese Crossbowman ×3 |
| 26:49 | Create | Villager (Male) ×2 |
| 28:00 | Create | Villager (Male) ×4 |
| 28:04 | Create | Genoese Crossbowman ×2 |
| 28:04 | Create | Genoese Crossbowman ×2 |
| 28:50 | Create | Villager (Male) ×2 |
| 28:51 | Create | Villager (Male) |
| 28:51 | Create | Villager (Male) |
| 29:05 | Create | Villager (Male) |
| 29:30 | Build | Town Center |
| 29:46 | Build | Gate |
| 29:56 | Build | Siege Workshop |
| 30:00 | Build | Siege Workshop |
| 30:10 | Build | Town Center |
| 30:30 | Create | Villager (Male) ×5 |
| 30:31 | Create | Villager (Male) |
| 30:31 | Create | Villager (Male) |
| 31:07 | Research | Padded Archer Armor |
| 31:41 | Build | Town Center |
| 31:43 | Build | Farm |
| 31:44 | Build | Farm |
| 31:44 | Build | Farm |
| 31:45 | Build | Farm |
| 31:45 | Build | Farm |
| 31:46 | Build | Farm |
| 31:47 | Build | Farm |
| 31:47 | Build | Farm |
| 31:58 | Create | Villager (Male) ×3 |
| 31:59 | Create | Villager (Male) |
| 31:59 | Create | Villager (Male) |
| 32:27 | Build | Farm |
| 32:27 | Build | Farm |
| 32:32 | Build | Farm |
| 32:42 | Build | Farm |
| 33:08 | Build | Farm |
| 33:20 | Create | Villager (Male) ×5 |
| 33:20 | Create | Villager (Male) ×5 |
| 33:21 | Create | Villager (Male) ×5 |
| 33:47 | Build | Farm |
| 34:04 | Build | Farm |
| 34:16 | Build | Market |
| 34:39 | Create | Villager (Male) ×5 |
| 34:39 | Create | Villager (Male) ×5 |
| 34:39 | Create | Villager (Male) ×5 |
| 34:40 | Create | Villager (Male) ×4 |
| 34:51 | Build | House |
| 34:52 | Build | House |
| 34:53 | Build | House |
| 34:55 | Build | House |
| 34:56 | Build | House |
| 34:58 | Build | House |
| 34:59 | Build | House |
| 35:00 | Build | House |
| 35:02 | Build | House |
| 35:05 | Build | House |
| 35:07 | Build | House |
| 35:13 | Build | House |
| 35:15 | Build | House |
| 35:16 | Build | House |
| 35:19 | Build | House |
| 35:19 | Build | House |
| 35:22 | Build | House |
| 35:24 | Build | House |
Build order — praetorian005
First 150 of 467 actions detected
| 0:08 | Build | House |
| 0:10 | Create | Villager (Male) |
| 0:10 | Create | Villager (Male) |
| 0:10 | Create | Villager (Male) |
| 0:13 | Build | House |
| 0:34 | Research | Loom |
| 0:35 | Create | Villager (Male) |
| 0:51 | Build | Palisade Wall |
| 0:51 | Build | Palisade Wall |
| 0:53 | Create | Villager (Male) |
| 0:53 | Create | Villager (Male) |
| 1:37 | Build | Palisade Gate |
| 2:17 | Build | Lumber Camp |
| 2:35 | Create | Villager (Male) |
| 3:04 | Create | Villager (Male) |
| 3:04 | Create | Villager (Male) |
| 3:27 | Create | Villager (Male) |
| 4:01 | Create | Villager (Male) |
| 4:33 | Create | Villager (Male) |
| 4:46 | Build | House |
| 4:47 | Build | House |
| 5:06 | Create | Villager (Male) |
| 5:06 | Create | Villager (Male) |
| 5:30 | Build | Mill |
| 5:41 | Create | Villager (Male) |
| 5:41 | Create | Villager (Male) |
| 5:52 | Build | House |
| 6:03 | Create | Villager (Male) |
| 6:18 | Create | Villager (Male) |
| 6:44 | Create | Villager (Male) |
| 6:56 | Create | Villager (Male) |
| 7:16 | Create | Villager (Male) |
| 7:17 | Create | Villager (Male) |
| 7:17 | Create | Villager (Male) |
| 7:58 | Build | Mining Camp |
| 8:23 | Create | Villager (Male) |
| 8:55 | Create | Villager (Male) |
| 9:45 | Research | Feudal Age |
| 10:16 | Create | Villager (Male) |
| 11:51 | Create | Villager (Male) |
| 11:55 | Age | Feudal Age |
| 12:25 | Build | Market |
| 13:23 | Build | Blacksmith |
| 13:55 | Research | Castle Age |
| 14:00 | Build | Lumber Camp |
| 14:32 | Research | Double-Bit Axe |
| 14:50 | Build | Mining Camp |
| 15:01 | Build | House |
| 15:10 | Create | Villager (Male) |
| 15:10 | Create | Villager (Male) |
| 15:37 | Build | Farm |
| 15:38 | Build | Farm |
| 15:39 | Build | Farm |
| 16:28 | Create | Villager (Male) |
| 16:35 | Age | Castle Age |
| 16:59 | Build | Town Center |
| 17:03 | Build | Farm |
| 17:30 | Build | Farm |
| 17:55 | Build | Town Center |
| 17:58 | Create | Villager (Male) |
| 18:01 | Research | Stone Mining |
| 18:26 | Build | Farm |
| 18:38 | Create | Villager (Male) |
| 19:05 | Build | Farm |
| 19:08 | Create | Villager (Male) |
| 19:19 | Build | Farm |
| 19:20 | Build | Farm |
| 19:24 | Create | Villager (Male) |
| 19:36 | Build | Farm |
| 19:37 | Build | Farm |
| 19:42 | Build | Farm |
| 19:45 | Create | Villager (Male) |
| 19:50 | Create | Villager (Male) |
| 19:52 | Create | Villager (Male) |
| 19:57 | Build | Farm |
| 20:07 | Create | Villager (Male) |
| 20:14 | Build | Farm |
| 20:23 | Create | Villager (Male) |
| 20:29 | Build | Farm |
| 20:31 | Create | Villager (Male) |
| 20:35 | Build | Farm |
| 20:38 | Build | Farm |
| 20:39 | Create | Villager (Male) |
| 20:45 | Build | House |
| 20:46 | Build | House |
| 20:47 | Build | House |
| 20:54 | Build | Farm |
| 20:56 | Create | Villager (Male) |
| 21:01 | Build | Farm |
| 21:02 | Create | Villager (Male) |
| 21:11 | Build | Farm |
| 21:15 | Build | Farm |
| 21:16 | Create | Villager (Male) |
| 21:16 | Create | Villager (Male) |
| 21:26 | Create | Villager (Male) |
| 21:36 | Build | Farm |
| 21:37 | Create | Villager (Male) |
| 21:42 | Build | Farm |
| 21:44 | Create | Villager (Male) |
| 21:49 | Create | Villager (Male) |
| 22:09 | Build | Castle |
| 22:11 | Create | Villager (Male) |
| 22:11 | Create | Villager (Male) |
| 22:15 | Build | Farm |
| 22:19 | Build | Farm |
| 22:20 | Build | Farm |
| 22:22 | Build | Farm |
| 22:24 | Create | Villager (Male) |
| 22:24 | Create | Villager (Male) |
| 22:34 | Create | Villager (Male) |
| 22:39 | Create | Villager (Male) |
| 22:41 | Build | Farm |
| 22:43 | Build | Farm |
| 22:50 | Build | Farm |
| 22:53 | Build | Farm |
| 22:54 | Create | Villager (Male) |
| 22:54 | Create | Villager (Male) |
| 22:54 | Create | Villager (Male) |
| 23:06 | Create | Villager (Male) |
| 23:09 | Build | Farm |
| 23:17 | Create | Villager (Male) |
| 23:17 | Create | Villager (Male) |
| 23:21 | Build | Farm |
| 23:22 | Create | Villager (Male) |
| 23:33 | Build | House |
| 23:33 | Build | House |
| 23:34 | Build | House |
| 23:36 | Create | Villager (Male) |
| 23:36 | Create | Villager (Male) |
| 23:46 | Research | Gold Mining |
| 23:47 | Create | Villager (Male) |
| 23:49 | Build | House |
| 23:59 | Create | Villager (Male) |
| 24:10 | Create | Villager (Male) |
| 24:16 | Research | Bow Saw |
| 24:21 | Create | Villager (Male) |
| 24:32 | Build | House |
| 24:32 | Build | House |
| 24:34 | Create | Villager (Male) |
| 24:35 | Create | Villager (Male) |
| 24:46 | Create | Villager (Male) |
| 24:49 | Build | House |
| 24:51 | Build | House |
| 24:52 | Build | House |
| 24:53 | Build | House |
| 24:56 | Create | Villager (Male) |
| 24:57 | Create | Villager (Male) |
| 24:59 | Create | Villager (Male) |
| 25:00 | Create | Villager (Male) |
| 25:03 | Create | Woad Raider |
Build order — Sloth
First 150 of 250 actions detected
| 0:02 | Research | Loom |
| 0:03 | Create | Villager (Male) |
| 0:03 | Create | Villager (Male) |
| 0:03 | Create | Villager (Male) |
| 0:03 | Create | Villager (Male) |
| 0:15 | Build | House |
| 0:39 | Build | House |
| 0:41 | Build | House |
| 0:47 | Build | House |
| 1:52 | Create | Villager (Male) |
| 1:53 | Create | Villager (Male) |
| 2:12 | Build | House |
| 2:37 | Create | Villager (Male) |
| 2:59 | Create | Villager (Male) |
| 3:15 | Create | Villager (Male) |
| 3:37 | Create | Villager (Male) |
| 4:03 | Create | Villager (Male) |
| 4:03 | Create | Villager (Male) |
| 4:30 | Create | Villager (Male) |
| 4:56 | Create | Villager (Male) |
| 5:37 | Create | Villager (Male) |
| 5:46 | Build | Mill |
| 5:49 | Create | Villager (Male) |
| 6:18 | Create | Villager (Male) |
| 6:50 | Create | Villager (Male) |
| 7:17 | Create | Villager (Male) |
| 7:46 | Create | Villager (Male) |
| 8:07 | Build | Lumber Camp |
| 8:12 | Create | Villager (Male) |
| 8:13 | Create | Villager (Male) |
| 8:32 | Build | Mining Camp |
| 8:34 | Create | Villager (Male) |
| 8:45 | Create | Villager (Male) |
| 9:10 | Create | Villager (Male) |
| 9:24 | Create | Villager (Male) |
| 9:25 | Create | Villager (Male) |
| 9:35 | Build | Mining Camp |
| 10:22 | Build | House |
| 10:24 | Build | House |
| 10:31 | Research | Feudal Age |
| 10:56 | Build | Mill |
| 11:00 | Create | Villager (Male) |
| 11:01 | Create | Villager (Male) |
| 12:42 | Age | Feudal Age |
| 12:47 | Build | Market |
| 12:52 | Build | Blacksmith |
| 13:23 | Create | Villager (Male) |
| 13:52 | Create | Villager (Male) |
| 14:25 | Create | Villager (Male) |
| 14:30 | Create | Villager (Male) |
| 14:37 | Build | House |
| 14:39 | Build | House |
| 14:40 | Build | House |
| 14:54 | Create | Villager (Male) |
| 15:09 | Research | Castle Age |
| 15:59 | Research | Double-Bit Axe |
| 16:02 | Research | Horse Collar |
| 16:06 | Create | Villager (Male) |
| 16:06 | Create | Villager (Male) |
| 16:17 | Create | Villager (Male) |
| 16:17 | Create | Villager (Male) |
| 16:23 | Build | Farm |
| 16:24 | Build | Farm |
| 16:25 | Build | Farm |
| 16:27 | Build | Farm |
| 16:28 | Build | Farm |
| 16:29 | Build | Farm |
| 16:50 | Build | Farm |
| 16:54 | Build | House |
| 16:55 | Build | House |
| 16:56 | Build | House |
| 17:05 | Build | Farm |
| 17:37 | Build | Farm |
| 17:38 | Build | Farm |
| 17:40 | Build | Farm |
| 17:42 | Build | Farm |
| 17:44 | Build | Farm |
| 17:45 | Build | Farm |
| 17:49 | Create | Villager (Male) |
| 17:55 | Build | Farm |
| 18:00 | Age | Castle Age |
| 18:25 | Build | Castle |
| 18:30 | Build | House |
| 18:38 | Create | Villager (Male) |
| 18:59 | Build | Town Center |
| 19:45 | Create | Villager (Male) ×5 |
| 20:05 | Research | Bow Saw |
| 20:27 | Research | Wagenburg Tactics |
| 20:35 | Create | Villager (Male) ×3 |
| 20:58 | Build | Siege Workshop |
| 21:04 | Create | Villager (Male) ×3 |
| 21:18 | Build | Monastery |
| 21:23 | Create | Villager (Male) |
| 21:34 | Build | Siege Workshop |
| 21:58 | Create | Villager (Male) ×3 |
| 22:10 | Build | University |
| 22:32 | Build | Barracks |
| 22:37 | Create | Villager (Male) ×4 |
| 22:46 | Create | Monk |
| 23:00 | Build | Mining Camp |
| 23:29 | Research | Ballistics |
| 23:39 | Build | Archery Range |
| 23:40 | Build | Archery Range |
| 23:42 | Build | Archery Range |
| 23:45 | Build | Farm |
| 23:53 | Create | Villager (Male) ×5 |
| 24:00 | Build | Farm |
| 24:07 | Build | Town Center |
| 24:13 | Create | Villager (Male) ×3 |
| 24:24 | Build | Farm |
| 24:40 | Research | Elite Skirmisher (upgrade) |
| 24:55 | Build | Farm |
| 25:14 | Build | Farm |
| 25:20 | Create | Skirmisher ×5 |
| 25:21 | Create | Skirmisher ×5 |
| 25:39 | Create | Villager (Male) ×4 |
| 25:41 | Build | Farm |
| 25:44 | Build | Farm |
| 25:46 | Build | Farm |
| 26:10 | Create | Skirmisher ×5 |
| 26:10 | Create | Skirmisher |
| 26:22 | Build | Farm |
| 26:33 | Build | Farm |
| 26:35 | Build | Farm |
| 26:49 | Create | Villager (Male) |
| 27:04 | Create | Villager (Male) ×5 |
| 27:34 | Research | Chemistry |
| 27:37 | Build | Farm |
| 27:43 | Build | Mining Camp |
| 27:49 | Create | Villager (Male) ×4 |
| 27:49 | Create | Villager (Male) ×4 |
| 27:58 | Build | Farm |
| 28:00 | Build | Farm |
| 28:07 | Create | Villager (Male) ×2 |
| 28:25 | Build | Farm |
| 28:27 | Build | Farm |
| 28:33 | Create | Villager (Male) ×4 |
| 28:55 | Build | Farm |
| 29:21 | Build | Farm |
| 29:30 | Build | Castle |
| 29:36 | Create | Villager (Male) ×5 |
| 30:05 | Create | Villager (Male) ×5 |
| 30:08 | Build | Farm |
| 30:32 | Build | Farm |
| 31:03 | Research | Imperial Age |
| 31:04 | Create | Villager (Male) ×2 |
| 31:16 | Build | House |
| 31:17 | Build | House |
| 31:18 | Build | House |
| 31:19 | Build | House |
Match timeline
| 0:51 | praetorian005 · wall_segment Palisade Wall x9 |
| 0:51 | praetorian005 · wall_segment Palisade Wall x1 |
| 0:56 | Cartman AK-47 · wall_segment Palisade Wall x8 |
| 1:53 | lchhean09 · wall_segment Palisade Wall x16 |
| 2:40 | Rakoon · wall_segment Palisade Wall x1 |
| 5:26 | Rakoon · wall_segment Palisade Wall x10 |
| 5:56 | Rakoon · wall_segment Palisade Wall x11 |
| 6:44 | Rakoon · wall_segment Palisade Wall x1 |
| 6:45 | Rakoon · wall_segment Palisade Wall x3 |
| 8:37 | Rakoon · wall_segment Palisade Wall x3 |
| 11:19 | Rakoon · wall_segment Palisade Wall x1 |
| 11:21 | Rakoon · wall_segment Palisade Wall x1 |
| 11:23 | Rakoon · wall_segment Palisade Wall x1 |
| 11:25 | Rakoon · wall_segment Palisade Wall x1 |
| 11:41 | Ocelot · age_up feudal |
| 11:55 | Rakoon · age_up feudal |
| 11:55 | praetorian005 · age_up feudal |
| 12:42 | Sloth · age_up feudal |
| 12:53 | Cartman AK-47 · age_up feudal |
| 13:02 | lchhean09 · age_up feudal |
| 13:05 | Rakoon · wall_segment Stone Wall x1 |
| 13:32 | Ocelot · wall_segment Stone Wall x6 |
| 13:35 | praetorian005 · first_market_sell 100 food |
| 13:39 | Ocelot · wall_segment Stone Wall x6 |
| 13:58 | praetorian005 · first_market_buy 100 wood |
| 14:04 | Rakoon · wall_segment Palisade Wall x1 |
| 14:05 | Rakoon · wall_segment Palisade Wall x1 |
| 14:07 | Rakoon · wall_segment Palisade Wall x1 |
| 15:04 | Ocelot · wall_segment Stone Wall x2 |
| 15:51 | Ocelot · wall_segment Stone Wall x6 |
| 16:35 | praetorian005 · age_up castle |
| 16:36 | Rakoon · wall_segment Palisade Wall x14 |
| 16:45 | Cartman AK-47 · age_up castle |
| 16:52 | Rakoon · first_building Barracks |
| 17:01 | Rakoon · wall_segment Stone Wall x3 |
| 17:03 | Rakoon · wall_segment Stone Wall x7 |
| 17:06 | Rakoon · wall_segment Stone Wall x4 |
| 17:31 | Rakoon · first_market_sell 100 food |
| 17:32 | Rakoon · first_market_buy 100 wood |
| 17:45 | Cartman AK-47 · first_building Castle |
| 17:51 | Ocelot · age_up castle |
| 17:55 | Rakoon · age_up castle |
| 18:00 | Sloth · age_up castle |
| 18:25 | Sloth · first_building Castle |
| 19:22 | lchhean09 · first_market_buy 100 wood |
| 19:28 | lchhean09 · age_up castle |
| 19:30 | Ocelot · wall_segment Stone Wall x11 |
| 19:33 | Ocelot · wall_segment Stone Wall x15 |
| 19:35 | Ocelot · wall_segment Stone Wall x4 |
| 19:38 | Ocelot · wall_segment Stone Wall x7 |
| 19:51 | lchhean09 · first_market_sell 100 food |
| 20:12 | lchhean09 · wall_segment Stone Wall x14 |
| 20:58 | Sloth · first_building Siege Workshop |
| 21:18 | Sloth · first_building Monastery |
| 21:51 | Rakoon · wall_segment Stone Wall x8 |
| 21:53 | Rakoon · wall_segment Stone Wall x6 |
| 21:54 | Rakoon · wall_segment Stone Wall x5 |
| 22:09 | praetorian005 · first_building Castle |
| 22:32 | Sloth · first_building Barracks |
| 22:34 | Ocelot · first_building Barracks |
| 23:39 | Sloth · first_building Archery Range |
| 23:45 | Ocelot · first_building Castle |
| 24:02 | Rakoon · first_building Castle |
| 24:12 | lchhean09 · first_building Monastery |
| 25:15 | lchhean09 · first_building Barracks |
| 25:46 | praetorian005 · first_building Barracks |
| 26:57 | Sloth · first_market_buy 100 food |
| 27:10 | Rakoon · wall_segment Stone Wall x5 |
| 27:11 | Rakoon · wall_segment Stone Wall x7 |
| 27:54 | lchhean09 · first_building Stable |
| 27:58 | praetorian005 · first_building Siege Workshop |
| 28:54 | praetorian005 · first_building Monastery |
| 29:18 | Sloth · tribute_sent a jugador 1 |
| 29:18 | Sloth · tribute_sent a jugador 2 |
| 29:18 | Sloth · tribute_sent a jugador 3 |
| 29:18 | Sloth · tribute_sent a jugador 4 |
| 29:18 | Sloth · tribute_sent a jugador 5 |
| 29:31 | lchhean09 · first_building Castle |
| 29:39 | Rakoon · first_building Monastery |
| 29:54 | Rakoon · wall_segment Stone Wall x4 |
| 29:56 | Ocelot · first_building Siege Workshop |
| 30:40 | Cartman AK-47 · wall_segment Stone Wall x1 |
| 30:40 | Cartman AK-47 · wall_segment Stone Wall x1 |
| 30:42 | Sloth · first_market_sell 100 wood |
| 31:18 | lchhean09 · first_building Archery Range |
| 31:34 | lchhean09 · first_building Siege Workshop |
| 31:47 | Cartman AK-47 · first_building Monastery |
| 33:30 | praetorian005 · age_up imperial |
| 34:07 | Rakoon · age_up imperial |
| 34:22 | Cartman AK-47 · first_building Barracks |
| 35:17 | Cartman AK-47 · first_building Archery Range |
| 35:31 | Sloth · age_up imperial |
| 36:45 | Rakoon · first_building Siege Workshop |
| 37:00 | lchhean09 · age_up imperial |
| 37:30 | Sloth · first_building Stable |
| 38:01 | Cartman AK-47 · age_up imperial |
| 38:40 | Cartman AK-47 · first_market_sell 500 wood |
| 38:42 | Cartman AK-47 · first_market_buy 100 stone |
| 38:59 | Cartman AK-47 · first_building Stable |
| 39:24 | Ocelot · first_building Stable |
| 40:43 | Rakoon · wall_segment Stone Wall x20 |
| 40:47 | Rakoon · wall_segment Stone Wall x17 |
| 41:08 | Rakoon · wall_segment Stone Wall x14 |
| 41:17 | Rakoon · wall_segment Stone Wall x15 |
| 42:12 | Rakoon · wall_segment Stone Wall x18 |
| 42:45 | Cartman AK-47 · wall_segment Stone Wall x10 |
| 43:00 | Rakoon · wall_segment Stone Wall x12 |
| 43:32 | Ocelot · first_building Monastery |
| 43:36 | Cartman AK-47 · first_building Siege Workshop |
| 44:21 | Ocelot · first_market_sell 100 stone |
| 44:26 | Ocelot · first_market_buy 100 food |
| 44:52 | Rakoon · wall_segment Stone Wall x20 |
| 45:45 | Rakoon · wall_segment Stone Wall x1 |
| 46:35 | Rakoon · wall_segment Stone Wall x1 |
| 47:46 | Ocelot · age_up imperial |
| 48:11 | Rakoon · wall_segment Stone Wall x5 |
| 49:24 | praetorian005 · wall_segment Stone Wall x13 |
| 50:30 | Rakoon · wall_segment Stone Wall x1 |
| 52:01 | Rakoon · wall_segment Stone Wall x1 |
| 55:53 | Rakoon · wall_segment Stone Wall x3 |
| 56:14 | Rakoon · wall_segment Stone Wall x5 |
| 59:29 | praetorian005 · first_building Stable |
| 59:41 | Rakoon · first_building Archery Range |
| 64:15 | Rakoon · resign |
[ AI ANALYSIS · 1 CREDIT ]
What really happened in this match?
Wolo.gg analyzes every decision: build order, eco, micro, common mistakes by bracket. Personalized analysis on WhatsApp or Discord in 30 seconds.
Civ guide
Huns
Map guide
Black Forest
Perfil
Jugador #20417924